 Dungeon Crawl Stone Soup version 0.29.1-15-g9cfb28693d (webtiles) character file.

Game seed: 5411790545852843329

46 protoss039 the Digger (level 3, 8/26 HPs)
             Began as a Demonspawn Earth Elementalist on Mar 12, 2023.
             Got out of the dungeon alive.
             The game lasted 00:01:27 (1185 turns).

protoss039 the Digger (DsEE)                        Turns: 1185, Time: 00:01:28

Health: 8/26       AC:  3    Str:  8    XL:     3   Next: 44%
Magic:  6/6        EV: 11    Int: 18    God:
Gold:   39         SH:  0    Dex: 13    Spells: 4/7 levels left

rFire   . . .      SeeInvis .   g - +2 short sword (venom)
rCold   . . .      Faith    .   (no shield)
rNeg    . . .      Spirit   .   e - +0 leather armour
rPois   .          Reflect  .   (no helmet)
rElec   .          Harm     .   (no cloak)
rCorr   .          Rampage  .   (no gloves)
Will    .....                   (no boots)
Stlth   ++........              (no amulet)
HPRegen 0.08/turn               (no ring)
MPRegen 0.10/turn               (no ring)

@: no status effects
A: foul stench 1
a: no special abilities


You escaped.
You visited 1 branch of the dungeon, and saw 2 of its levels.

You collected 39 gold pieces.

Inventory:

Hand Weapons
 g - a +2 short sword of venom (weapon)
Missiles
 c - 3 poisoned darts
Armour
 e - a +0 leather armour (worn)
Scrolls
 d - a scroll of noise {unknown}
 f - 3 scrolls of vulnerability {unknown}
 h - 2 scrolls of identify {unknown}
Potions
 a - a potion of flight {unknown}
 b - a potion of magic


   Skills:
 + Level 1.6 Fighting
 - Level 1.7 Dodging
 - Level 1.7 Stealth
 + Level 2.6 Spellcasting
 - Level 0.8 Transmutations
 + Level 3.2 Earth Magic


You had 4 spell levels left.
You knew the following spells:

 Your Spells              Type           Power      Damage    Failure   Level
a - Sandblast             Erth           28%        2d8       7%          1
b - Passwall              Tmut/Erth      7%         N/A       16%         2

Your spell library contained the following spells:

 Spells                   Type           Power      Damage    Failure   Level
 Stone Arrow              Conj/Erth      16%        3d8       36%         3
 Petrify                  Tmut/Erth      9%         N/A       71%         4


Dungeon Overview and Level Annotations

Branches:
Dungeon (2/15) Zot: 10798

Altars:


Innate Abilities, Weirdness & Mutations

You may rarely emit foul miasma when damaged in melee.


Message History

The worm is heavily wounded.
The worm bites you but does no damage.
Unknown command.
Casting: Sandblast (safe; 7% risk of failure)
Confirm with . or Enter, or press ? or * to list all spells.
Aiming: Sandblast (safe; 7% risk of failure)
Press: ? - help, Shift-Dir - straight line, f/p - worm
Aim: a worm (heavily wounded, very poisoned, 94% to hit)
The blast of sand hits the worm.
The worm is almost dead.
Unknown command.
Casting: Sandblast (safe; 7% risk of failure)
Confirm with . or Enter, or press ? or * to list all spells.
Aiming: Sandblast (safe; 7% risk of failure)
Press: ? - help, Shift-Dir - straight line, f/p - worm
Aim: a worm (severely wounded, very poisoned, 94% to hit)
You miscast Sandblast.
You are very lightly contaminated with residual magic.
Nothing appears to happen.
Unknown command.
Casting: Sandblast (safe; 7% risk of failure)
Confirm with . or Enter, or press ? or * to list all spells.
Aiming: Sandblast (safe; 7% risk of failure)
Press: ? - help, Shift-Dir - straight line, f/p - worm
Aim: a worm (severely wounded, very poisoned, 94% to hit)
The blast of sand misses the worm.
The worm closely misses you.
Unknown command.
You puncture the worm!
You kill the worm!
Unknown command.
There is a stone staircase leading up here.
Your magical contamination has completely faded away.
You climb upwards.
There is a stone staircase leading down here.
There is an open door here.
There is an escape hatch in the floor here.
Magic restored.
There is a staircase leading out of the dungeon here.
Are you sure you want to leave the Dungeon?
This will make you lose the game!
You have escaped!

##### ############# #.....####
#...####......##...#####..†......
#...#.##......##.#.#..##.........
....#.##......####.##.##.[...#...
....#.##......#.......########.#.
....#.##..>........##'# #....
#......'......#.......# #..#.
###...##......####.##.# ####..#.
#.############@#.#..####....... #
#.# #...####..).###### # #.#
##### ##.##.....+. ###.#
######..##.....#. ....#
#...÷..........#. ##..#
#.....)........#. ##..#
#..............#. ....##
#..............#' #...)##
####.#####.......


There were no monsters in sight!

Vanquished Creatures
  An adder (D:2)
  A worm (D:2)
  2 bats (D:1)
  4 endoplasms (D:1)
  A giant cockroach (D:2)
  3 goblins (D:1)
  2 hobgoblins (D:1)
  3 jackals (D:2)
  5 kobolds (D:1)
  A quokka (D:1)
  2 ball pythons (D:1)
  2 frilled lizards (D:1)
  3 rats
30 creatures vanquished.

Vanquished Creatures (others)
  9 plants (D:1)
9 creatures vanquished.

Grand Total: 39 creatures vanquished

Notes
Turn   | Place    | Note
-------+----------+-------------------------------------------
     0 | D:1      | protoss039 the Demonspawn Earth Elementalist began the
                  | quest for the Orb.
     0 | D:1      | Reached XP level 1. HP: 13/13 MP: 3/3
   321 | D:1      | Gained mutation: You may rarely emit foul miasma when
                  | damaged in melee. [demonic ancestry]
   321 | D:1      | Reached XP level 2. HP: 11/20 MP: 5/5
   330 | D:1      | Reached skill level 1 in Fighting
   343 | D:1      | Reached skill level 3 in Earth Magic
  1105 | D:1      | Learned a level 2 spell: Passwall
  1126 | D:2      | Reached XP level 3. HP: 17/26 MP: 6/6
  1185 | D:$      | Got out of the dungeon alive.

Illustrated notes

Levels and vault maps discovered:
D:1:      onia_arrival_mini_spirals, layout_basic, minmay_misc_feat_encased,
          serial_bayou_lagoon_a
D:2:      layout_loops_ring, serial_shops, nicolae_shop_trees, basic_altar,
          serial_bayou_pond_b, minmay_misc_feat_secret_circle,
          serial_bayou_pond_a, uniq_crazy_yiuf_cottage

Skill      XL: |  1  2 |
---------------+-------+-----
Fighting       | 1 |  1.6
Earth Magic    | 3 |  3.2
Dodging        | |  1.7
Stealth        | |  1.7
Spellcasting   | |  2.6
Transmutations | |  0.8

Action                   || total
-------------------------++-------
Melee: Short sword       ||    64
       Spear             ||     2
 Cast: Sandblast         ||    11
 Stab: Sleeping          ||     2
Armor: Leather armour    ||    15
       Robe              ||     1
Dodge: Dodged            ||    43
